Map: Orbital Shipyard

Players

SticklerMac - Winner!

  • Race: Zerg Zerg
  • League: Gold

Ansible

  • Race: Zerg Zerg
  • League: Gold

VOD

Have the link to the VOD?

Description

Time

  • Played on: Nov. 10, 2015, 2:06 a.m.
  • Length: 11:11
Show
View Real Time Build Order
Export as new Build Order

SticklerMac Zerg - Winner!

Build Orders: Hatch First, Zergling Baneling 

Get SALT Encoding   

  12  0:01  Drone  
  13  0:13  Overlord  
  13  0:18  Drone  
  14  0:32  Drone  
  14  0:33  Drone  
  16  0:36  Drone  
  17  0:54  Hatchery  
  17  0:56  Drone  
  17  1:02  Overlord  
  17  1:12  Drone  
  17  1:15  Extractor  
  17  1:20  Spawning Pool  
  16  1:32  Drone x2  
  18  1:43  Drone  
  19  1:51  Drone  
  20  2:02  Drone  
  21  2:10  Queen x2  
  21  2:12  Drone  
  21  2:13  Drone  
  27  2:17  Drone  
  27  2:21  Metabolic Boost  
  28  2:27  Drone  
  28  2:28  Drone  
  30  2:37  Drone  
  30  2:43  Baneling Nest, Drone  
  31  2:52  Zergling x4  
  31  2:56  Zergling x2  
  34  2:59  Zergling x2  
  35  3:06  Zergling x2  
  35  3:12  Overlord  
  36  3:22  Overlord x2  
  36  3:44  Baneling  
  36  3:45  Baneling x3  
  36  3:47  Zergling x6  
  36  3:48  Zergling x6  
  42  3:49  Hatchery  
  40  3:56  Zergling x2  
  40  3:57  Zergling x10  
  46  4:07  Zergling x2  
  47  4:14  Zergling x4  
  47  4:15  Baneling  
  47  4:16  Baneling x4  
  40  4:43  Zergling x10  
  40  4:44  Zergling x2  
  39  4:56  Zergling x4  
  41  5:00  Queen  
  41  5:02  Queen  
  41  5:04  Drone  
  41  5:06  Drone x2  
  50  5:15  Roach Warren  
  50  5:16  Drone x3  
  52  5:22  Lair  
  51  5:36  Drone x6  
  51  5:37  Drone x4  
  51  5:41  Extractor  
  60  5:58  Baneling  
  60  5:59  Baneling x6  
  60  6:10  Drone x5  
  65  6:12  Drone  
  65  6:14  Overlord x4  
  66  6:21  Extractor  
  65  6:26  Extractor  
  65  6:28  Extractor  
  63  6:34  Drone, Extractor  
  63  6:35  Drone x6  
  63  6:36  Drone x7  
  76  7:02  Spire  
  76  7:05  Spore Crawler  
  76  7:07  Spore Crawler  
  73  7:10  Spore Crawler  
  73  7:11  Spore Crawler, Drone x2  
  73  7:22  Drone x2  
  75  7:23  Drone x6  
  81  7:34  Drone x4  
  85  7:41  Zergling x2  
  85  7:42  Zergling x12  
  92  7:55  Overlord x3  
  92  7:59  Zergling x2  
  92  8:00  Zergling x2  
  92  8:01  Hatchery  
  93  8:11  Overlord x4  
  93  8:26  Roach Warren  
  92  8:31  Mutalisk  
  92  8:32  Mutalisk x8  
  110  8:36  Mutalisk x4  
  110  8:37  Mutalisk x2  
  122  9:09  Roach x13  
  154  9:10  Roach x3  
  154  9:16  Hatchery  
  125  9:40  Mutalisk  
  125  9:41  Mutalisk x5  
  125  9:42  Zergling x2  
  125  9:43  Zergling x20  
  124  9:56  Mutalisk x2  
  124  9:58  Zergling x2  
  124  9:59  Zergling x6  
  111  10:25  Zergling x20  
  111  10:26  Zergling x6  
  124  10:39  Overlord x3  
Show
View Real Time Build Order
Export as new Build Order

Ansible Zerg 

Build Orders: Hatch First 

Get SALT Encoding   

  12  0:01  Drone  
  13  0:09  Drone  
  14  0:17  Overlord  
  14  0:35  Drone x3  
  17  0:47  Drone  
  18  0:58  Hatchery  
  18  1:02  Drone  
  18  1:05  Extractor  
  17  1:13  Spawning Pool  
  17  1:17  Drone  
  17  1:23  Drone  
  18  1:30  Drone  
  19  1:48  Overlord  
  19  1:53  Drone  
  20  2:00  Queen  
  22  2:05  Metabolic Boost  
  22  2:09  Zergling x2  
  22  2:11  Zergling x2  
  26  2:17  Drone  
  26  2:21  Drone  
  28  2:34  Drone x3  
  31  2:40  Baneling Nest  
  31  2:42  Queen  
  32  2:46  Overlord  
  30  2:52  Drone  
  30  2:53  Drone  
  30  2:55  Zergling x2  
  33  3:05  Zergling x2  
  34  3:11  Drone x3, Spine Crawler  
  34  3:12  Drone  
  37  3:13  Spine Crawler  
  36  3:20  Zergling x2  
  37  3:27  Zergling x4  
  37  3:33  Lair  
  40  3:34  Roach Warren, Zergling x2  
  40  3:38  Baneling x2  
  39  3:44  Zergling x4  
  41  4:01  Baneling x3  
  41  4:12  Zergling x4  
  41  4:13  Zergling x12  
  41  4:22  Overlord  
  41  4:27  Zergling x2  
  33  4:42  Zergling x2  
  33  4:43  Zergling x6  
  33  4:45  Roach  
  38  4:47  Zergling x4  
  38  4:48  Zergling x4  
  40  4:59  Roach x5  
  49  5:09  Roach  
  51  5:15  Drone  
  51  5:20  Overlord  
  52  5:22  Overlord  
  52  5:32  Glial Reconstitution  
  52  5:38  Hatchery, Drone x7  
  58  5:50  Drone  
  58  5:52  Evolution Chamber  
  58  5:55  Drone x3  
  61  6:01  Extractor  
  60  6:05  Roach x3  
  66  6:17  Extractor  
  65  6:19  Drone x3  
  68  6:26  Drone, Extractor  
  68  6:27  Overlord x3  
  68  6:35  Overlord  
  68  6:38  Overseer  
  68  6:45  Roach x5  
  78  7:01  Zerg Missile Weapons Level 1  
  78  7:03  Drone x4  
  78  7:04  Drone  
  78  7:05  Evolution Chamber  
  78  7:07  Drone  
  83  7:13  Queen  
  85  7:19  Drone x2  
  87  7:25  Drone x2  
  89  7:30  Drone  
  89  7:31  Drone  
  89  7:32  Roach  
  89  7:33  Roach  
  95  7:46  Zerg Ground Armor Level 1  
  95  7:48  Drone x5  
  100  7:51  Roach  
  104  7:58  Roach  
  104  7:59  Roach  
  106  8:06  Overlord x2  
  106  8:09  Overlord  
  106  8:24  Queen  
  108  8:27  Roach x3  
  108  8:28  Roach x5  
  124  8:35  Drone x2  
  124  8:36  Drone x3  
  124  8:38  Drone  
  130  8:43  Overlord x3  
  130  8:46  Overlord  
  130  8:54  Overlord  
  130  9:01  Ravager  
  130  9:02  Ravager x8  
  140  9:03  Ravager, Zergling x2  
  140  9:04  Roach, Zergling x8  
  147  9:14  Overseer  
  147  9:20  Roach x3  
  147  9:22  Overlord  
  148  9:28  Roach  
  148  9:29  Roach x3  
  152  9:35  Hatchery  
  128  9:52  Spore Crawler  
  121  9:55  Spore Crawler  
  121  9:56  Spore Crawler x2  
  121  9:58  Drone x3, Spore Crawler  
  121  9:59  Spore Crawler  
  112  10:03  Hydralisk Den  
  78  10:19  Extractor  
  78  10:20  Extractor  
  70  10:31  Hydralisk  
  70  10:32  Hydralisk x6  
  86  10:44  Hydralisk x3  
  86  10:46  Zergling x6  
  86  10:47  Zergling x2  
Tags
 
Add a new tag
Caveats
  • Supply blocks, unpowered buildings, or Contaminate may cause inaccurate times.
  • Supply counts are checked every 10 seconds.